Map: Ice and Chrome LE

Players

Steadfast

  • Race: Zerg Zerg
  • League: Master
  • Spawn Location: 1:00

CalebAracous - Winner!

  • Race: Zerg Zerg
  • Spawn Location: 7:00

Event: The Miserable Cup

VOD

Have the link to the VOD?

Description

Time

  • Played on: June 20, 2020, 11:10 a.m.
  • Length: 8:58

All games in this series

Show
View Real Time Build Order
Export as new Build Order

Steadfast Zerg 

Build Orders: Hatch First 

Get SALT Encoding   

  12  0:00  Drone  
  13  0:13  Overlord  
  13  0:18  Drone  
  14  0:31  Drone x2  
  16  0:48  Hatchery  
  15  0:51  Drone  
  15  0:55  Drone  
  17  0:58  Drone  
  18  1:09  Extractor  
  17  1:13  Spawning Pool  
  17  1:16  Drone  
  17  1:24  Drone  
  18  1:29  Drone  
  19  1:40  Drone  
  20  1:51  Overlord  
  20  2:00  Queen x2  
  24  2:01  Zergling x2  
  24  2:02  Drone  
  26  2:11  Metabolic Boost  
  26  2:13  Drone x2  
  28  2:22  Drone x2  
  30  2:43  Hatchery, Zergling x4  
  30  2:50  Drone  
  30  2:51  Overlord  
  31  2:52  Baneling Nest  
  31  2:55  Drone  
  31  2:56  Drone  
  32  3:13  Drone  
  32  3:16  Zergling x2  
  32  3:18  Drone x7  
  41  3:24  Evolution Chamber  
  41  3:25  Overlord  
  40  3:42  Overlord  
  40  3:43  Drone x3  
  40  3:45  Lair  
  40  3:46  Extractor x2  
  41  3:55  Drone x5  
  46  4:02  Zerg Missile Weapons Level 1, Extractor  
  45  4:07  Drone x5  
  50  4:11  Baneling  
  50  4:21  Roach Warren  
  50  4:23  Drone x6  
  55  4:27  Queen  
  55  4:30  Drone  
  58  4:31  Drone  
  58  4:33  Drone  
  58  4:35  Drone  
  60  4:51  Drone  
  60  4:52  Drone x5  
  66  4:53  Extractor x2  
  63  5:02  Spire, Drone  
  63  5:03  Glial Reconstitution  
  63  5:07  Zergling x6  
  63  5:08  Overlord  
  63  5:09  Overlord  
  63  5:10  Overlord  
  66  5:20  Spine Crawler  
  64  5:35  Drone x9  
  74  5:38  Overlord x2  
  74  5:49  Hatchery  
  73  5:50  Overlord  
  73  5:51  Overlord  
  73  6:14  Mutalisk x11  
  93  6:19  Zerg Flyer Armor Level 1  
  93  6:22  Zergling x12  
  93  6:24  Mutalisk  
  101  6:26  Mutalisk  
  101  6:32  Drone x3  
  106  6:38  Zergling x4  
  106  6:49  Mutalisk x3  
  106  6:51  Hatchery  
  111  6:56  Baneling  
  111  6:57  Baneling  
  109  7:15  Mutalisk x2  
  109  7:17  Overlord x3  
  92  7:37  Mutalisk  
  92  7:38  Mutalisk x4  
  92  7:39  Drone  
  92  7:40  Drone x5  
  92  7:41  Zergling x14  
  98  8:01  Mutalisk x3  
  82  8:14  Zergling x2  
  82  8:15  Zergling x10  
  82  8:18  Extractor  
  78  8:31  Mutalisk x3  
Show
View Real Time Build Order
Export as new Build Order

CalebAracous Zerg - Winner!

Build Orders: Hatch First 

Get SALT Encoding   

  12  0:00  Drone  
  13  0:12  Overlord  
  13  0:18  Drone  
  14  0:31  Drone x2  
  16  0:48  Hatchery  
  15  0:51  Drone  
  15  0:54  Drone  
  17  0:57  Drone  
  18  1:08  Extractor  
  17  1:13  Spawning Pool  
  17  1:15  Drone  
  17  1:19  Drone  
  18  1:29  Drone  
  19  1:41  Drone  
  20  1:50  Overlord  
  20  2:00  Queen x2  
  20  2:01  Zergling x4  
  26  2:08  Metabolic Boost  
  26  2:11  Drone x2  
  28  2:21  Drone  
  28  2:22  Drone  
  30  2:34  Hatchery  
  28  2:46  Drone x2  
  28  2:48  Baneling Nest  
  29  2:52  Overlord  
  29  2:56  Zergling x4  
  31  3:01  Drone  
  33  3:05  Drone  
  33  3:10  Zergling x2  
  34  3:15  Zergling x2  
  34  3:16  Drone x3  
  34  3:18  Overlord  
  38  3:25  Drone x3  
  41  3:33  Baneling x2  
  41  3:38  Zergling x2  
  41  3:39  Drone x3  
  45  3:44  Drone  
  45  3:45  Overlord  
  45  3:46  Queen  
  48  3:56  Lair  
  48  3:57  Evolution Chamber  
  48  4:02  Drone  
  48  4:03  Drone x3  
  48  4:08  Extractor  
  48  4:09  Drone  
  52  4:10  Drone x2, Extractor  
  52  4:16  Drone x4  
  55  4:20  Drone x2  
  57  4:24  Zerg Melee Weapons Level 1  
  57  4:26  Drone  
  57  4:27  Drone  
  59  4:36  Drone x2  
  59  4:37  Drone x2, Extractor  
  62  4:40  Drone x4  
  62  4:44  Overlord  
  66  4:58  Spire, Drone  
  66  4:59  Overlord  
  66  5:00  Overlord  
  66  5:04  Drone  
  66  5:05  Drone x6  
  73  5:08  Drone  
  73  5:09  Extractor x2  
  72  5:15  Drone x2  
  72  5:19  Drone  
  72  5:20  Drone x3  
  77  5:38  Zergling x18  
  86  5:42  Spine Crawler  
  86  5:43  Spine Crawler  
  86  5:45  Spine Crawler  
  86  5:48  Spine Crawler  
  82  6:03  Drone x3  
  87  6:06  Overlord x2  
  87  6:12  Hatchery  
  87  6:15  Mutalisk x2  
  89  6:19  Overlord x2  
  89  6:20  Zerg Flyer Weapons Level 1  
  89  6:21  Zerg Melee Weapons Level 2  
  89  6:25  Mutalisk x7  
  103  6:28  Mutalisk  
  103  6:31  Zergling x2  
  106  6:33  Overlord x3  
  102  6:47  Mutalisk x3  
  102  6:49  Overlord x2  
  102  6:52  Drone, Spore Crawler  
  108  6:54  Zergling x8  
  111  7:06  Mutalisk x3  
  115  7:09  Zergling x2  
  115  7:10  Zergling x8  
  120  7:16  Mutalisk  
  122  7:30  Spore Crawler  
  122  7:31  Mutalisk x3, Spore Crawler  
  122  7:33  Zergling x8  
  121  7:52  Mutalisk x3  
  121  7:56  Zergling x18  
  128  8:10  Mutalisk x2  
  128  8:16  Zergling x26  
  132  8:21  Queen  
  134  8:32  Drone x7  
Tags
 
Add a new tag
Caveats
  • Supply blocks, unpowered buildings, or Contaminate may cause inaccurate times.
  • Supply counts are checked every 10 seconds.